 Dungeon Crawl Stone Soup version 0.15.2 (webtiles) character file.

1060 GhostOklob the Basher (level 8, 0/68 HPs)
             Began as a Deep Dwarf Berserker on Nov 7, 2015.
             Was an Elder of Trog.
             Slain by a hound (1 damage)
             ... on Level 5 of the Dungeon.
             The game lasted 00:07:48 (4497 turns).

GhostOklob the Basher (Deep Dwarf Berserker)        Turns: 4497, Time: 00:07:48

HP   0/68        AC  0     Str 22      XL: 8   Next:  6%
MP   5/5         EV 12     Int  7      God: Trog [****..]
Gold 319         SH  0     Dex 14      Spells:  0 memorised,  7 levels left

rFire  . . .     SeeInvis .     M - +0 shortbow
rCold  . . .     Clarity  .     (no armour)
rNeg   . . .     rCorr    .     (no shield)
rPois  .         rRot     .     (no helmet)
rElec  .         Spirit   .     (no cloak)
SustAb .         Warding  .     (no gloves)
rMut   .         Stasis   .     (no boots)
Gourm  .                        (no amulet)
MR     +....                    (no ring)
                                (no ring)

@: non-regenerating, somewhat resistant to hostile enchantments, very unstealthy
A: damage resistance, recharge devices, sense surroundings 1, slow healing 3
a: Device Recharging, Burn Spellbooks, Berserk, Trog's Hand, Brothers in Arms,
Renounce Religion


You were on level 5 of the Dungeon.
You worshipped Trog.
Trog was greatly pleased with you.
You were not hungry.

You visited 1 branch of the dungeon, and saw 6 of its levels.

You collected 319 gold pieces.


Innate Abilities, Weirdness & Mutations

You are resistant to damage.
You can recharge devices by infusing magical energy.
You passively map a small area around you.
You do not heal naturally.


   Skills:
 + Level 2.6 Fighting
   Level 9.9 Maces & Flails
 - Level 2.1 Armour
 - Level 2.1 Dodging


You had 7 spell levels left.
You didn't know any spells.

Inventory:

Hand weapons
 M - a +0 shortbow (weapon)
Missiles
 D - 24 poisoned needles
Armour
 b - a +0 animal skin
 f - a +0 ring mail
 g - a +0 helmet
 h - a +0 leather armour
 k - a +0 cloak
 u - a +0 pair of boots
 I - a +0 scale mail
 J - a +0 plate armour
 L - a +0 pair of gloves
Magical devices
 c - a wand of heal wounds (7) {!d@v2}
 K - a wand of random effects (18) {unknown}
Comestibles
 d - 5 bread rations
Scrolls
 l - 4 scrolls of enchant armour {unknown}
 p - 3 scrolls of teleportation {unknown}
 r - 2 scrolls of remove curse
 s - 4 scrolls of identify {@r1}
 y - a scroll of amnesia {unknown}
 H - 3 scrolls of noise {unknown}
Jewellery
 i - an uncursed amulet of clarity {unknown}
 n - an uncursed amulet of resist corrosion {unknown}
 x - a cursed ring of teleportation {unknown}
 z - an uncursed ring of see invisible {unknown}
 C - an uncursed ring of see invisible {unknown}
 F - an uncursed amulet of stasis
 G - an uncursed ring of protection from cold {unknown}
Potions
 e - 2 potions of cure mutation {unknown}
 j - 3 potions of curing {@q1}
 m - 3 potions of restore abilities {unknown}
 o - a potion of flight {unknown}
 t - 2 potions of haste {unknown}
 v - a potion of confusion {unknown}
 w - a potion of poison {unknown}
 A - 2 potions of invisibility {unknown}
 B - a potion of brilliance {unknown}
 E - a potion of might {unknown}

Dungeon Overview and Level Annotations

Branches:
Dungeon (6/15)             Temple (0/1) D:6

Altars:
Elyvilon
Yredelemnul

Annotations:
D:6 GhostOklob's ghost, experienced DDBe

*,*,,,,,,,**,**#..#
**,**,,,,,**,***..#
*,**,,,,,,,,,,,..#
*,,,,,,,,,,,***#.#
****,,,,,,#,* #.#
*,*,..##.####.##
*,,..........#.#####
****.###.##.###....# *,*
*,*##g#.)##.# *,* *,*
##h.#.#.# *** *,*
*,***#.###(.# ),* *,*
*,,,..## ##.#########* *,*
*,* *,,#.#* ##(........*
*,* *,* *,,##,**
##.########.*
*,******,***,,,,,,**#....#
*,*
,,,,,,,,,,,,,,****,#.#.#.#
*,* *,,***,*****,,*
*#.##.#.# ***,*


You could see a hound.


Message History

* * * LOW HITPOINT WARNING * * *
The hound bites you.
* * * LOW HITPOINT WARNING * * *
The hound bites you.
* * * LOW HITPOINT WARNING * * *
The hound bites you.
* * * LOW HITPOINT WARNING * * *
The hound bites you.
* * * LOW HITPOINT WARNING * * *
The hound bites you. x2
The hound bites you.
* * * LOW HITPOINT WARNING * * *
The hound bites you. x2
Drop what? (_ for help) (? for menu, Esc to quit)
Okay, then.
The hound bites you.
* * * LOW HITPOINT WARNING * * *
The hound bites you. The hound closely misses you.
The hound closely misses you. The hound bites you. The hound misses you.
The hound bites you.
* * * LOW HITPOINT WARNING * * *
The hound barely misses you. The hound bites you.
* * * LOW HITPOINT WARNING * * *
The hound completely misses you. The hound bites you.
The hound barely misses you. The hound bites you.
* * * LOW HITPOINT WARNING * * *
The hound barely misses you. The hound bites you.
You die...

Action                   |  1- 3 |  4- 6 |  7- 9 || total
-------------------------+-------+-------+-------++-------
Melee: Mace              |   112 |   289 |   102 ||   503
Invok: Trog's Hand       |     2 |       |       ||     2
       Berserk           |       |     3 |       ||     3
 Abil: Device Recharging |       |     2 |     1 ||     3
Evoke: Wand              |     1 |     6 |     2 ||     9
  Use: Potion            |       |       |     1 ||     1
       Scroll            |       |       |     3 ||     3
 Stab: Confused          |       |       |     1 ||     1
  Eat: Chunk             |     1 |     4 |     2 ||     7
       Royal jelly       |       |     1 |       ||     1
       Pizza             |       |     1 |       ||     1
       Beef jerky        |       |     1 |       ||     1
       Meat ration       |       |       |     1 ||     1

Vault maps used:
D:1:      dpeg_arrival_erosion
D:2:      lemuel_crystal_altar, first_bread, minmay_misc_feat_secret_circle,
          uniq_sigmund
D:3:      uniq_terence
D:4:      old_standard_altar, hex_medium, grunt_decor_fettered,
          lemuel_flame_loot_1
D:5:      portal_sewer_entry_f
D:6:      minmay_temple_entry_overgrown, minmay_misc_feat_ornament

Notes
Turn   | Place    | Note
--------------------------------------------------------------
     0 | D:1      | GhostOklob, the Deep Dwarf Berserker, began the quest for the Orb.
     0 | D:1      | Reached XP level 1. HP: 20/20 MP: 1/1
   396 | D:1      | Reached XP level 2. HP: 22/27 MP: 2/2
   557 | D:1      | Reached skill level 4 in Maces & Flails
   593 | D:1      | Acquired Trog's second power
  1006 | D:2      | Reached XP level 3. HP: 12/33 MP: 3/3
  1320 | D:2      | Found a basalt altar of Yredelemnul.
  1347 | D:2      | Reached skill level 5 in Maces & Flails
  1347 | D:2      | Reached XP level 4. HP: 32/40 MP: 4/4
  1379 | D:2      | Noticed Sigmund
  1408 | D:2      | Killed Sigmund
  1408 | D:2      | Reached XP level 5. HP: 46/46 MP: 5/5
  1502 | D:3      | Reached skill level 6 in Maces & Flails
  1512 | D:3      | Noticed Terence
  1525 | D:3      | Killed Terence
  1683 | D:3      | Reached XP level 6. HP: 42/55 MP: 5/5
  1765 | D:3      | Reached skill level 7 in Maces & Flails
  2381 | D:4      | Acquired Trog's third power
  2513 | D:4      | Found a white marble altar of Elyvilon.
  2924 | D:5      | Entered Level 5 of the Dungeon
  3000 | D:5      | Found a glowing drain.
  3020 | D:5      | Reached skill level 8 in Maces & Flails
  3161 | D:5      | Reached XP level 7. HP: 48/61 MP: 5/5
  3834 | D:6      | Found a staircase to the Ecumenical Temple.
  4018 | D:6      | Reached skill level 9 in Maces & Flails
  4162 | D:6      | Reached XP level 8. HP: 47/68 MP: 5/5
  4310 | D:6      | Noticed GhostOklob's ghost (experienced DDBe)
  4492 | D:5      | HP: 4/68 [hound (4)]
  4496 | D:5      | HP: 1/68 [hound (2)]
  4497 | D:5      | Slain by a hound

Vanquished Creatures
  A hungry ghost (D:6)
  A sky beast (D:6)
  A phantom (D:5)
  A centaur (D:6)
  2 ogres
  Sigmund (D:2)
  A giant frog (D:6)
  A scorpion (D:4)
  2 orc priests (D:3)
  A jelly (D:3)
  3 worker ants
  An ogre zombie (D:5)
  Terence (D:3)
  6 adders
  A giant mite (D:5)
  2 worms (D:2)
  2 oozes
  5 giant geckos
  14 orcs
  A ball python (D:1)
  5 giant cockroaches
  13 goblins
  10 hobgoblins
  2 jackals (D:3)
  9 kobolds
  2 quokkas (D:3)
  9 bats
  4 giant newts
  A goblin zombie (D:5)
  An orc zombie (D:6)
  10 rats
114 creatures vanquished.

Vanquished Creatures (others)
  A giant gecko (D:4)
  3 orcs (D:4)
  A giant gecko skeleton (D:6)
  A giant spore (D:6)
  A ballistomycete (D:6)
7 creatures vanquished.

Grand Total: 121 creatures vanquished
